 Dungeon Crawl Stone Soup version 0.24.0-125-gc4c63601f3 (webtiles) character file.

Game seed: 1778288121188401714, levelgen mode: deterministic

14105 Johnny the Spear-Bearer (level 11, -8/94 HPs)
             Began as a Demigod Gladiator on Feb 20, 2020.
             Mangled by a spiny frog (18 damage)
             ... while paralysed
             ... on level 1 of the Lair of Beasts.
             The game lasted 00:15:53 (12253 turns).

Johnny the Spear-Bearer (Demigod Gladiator)        Turns: 12253, Time: 00:15:53

Health: -8/94      AC: 13    Str: 23    XL:     11   Next: 54%
Magic:  21/21      EV:  2    Int: 14    God:
Gold:   318        SH:  0    Dex: 17    Spells: 10/10 levels left

rFire    . . .     SeeInvis .   a - +0 trident
rCold    . . .     Gourm    .   (no shield)
rNeg     . . .     Faith    .   I - +0 troll leather armour
rPois    +         Spirit   .   c - +0 helmet
rElec    +         Reflect  .   L - +0 cloak
rCorr    +         Harm     .   g - +0 pair of gloves
MR       ++...                  O - +5 pair of boots "Owneuzewi" {rElec rPois Int+2}
Stlth    +.........             s - amulet of rage
HPRegen  0.65/turn              M - ring of resist corrosion
MPRegen  0.17/turn              B - ring of protection from magic

@: paralysed, lethally poisoned (-8 -> -11), berserk cooldown, slowed
A: high mp 1
a: Evoke Berserk Rage


You were on level 1 of the Lair of Beasts.
You were not hungry.

You visited 2 branches of the dungeon, and saw 13 of its levels.

You collected 888 gold pieces.
You spent 570 gold pieces at shops.

Inventory:

Hand Weapons
 a - a +0 trident (weapon)
Missiles
 d - 3 throwing nets (quivered)
Armour
 c - a +0 helmet (worn)
 g - a +0 pair of gloves (worn)
 I - a +0 troll leather armour (worn)
 K - a +0 chain mail
 L - a +0 cloak (worn)
 O - the +5 pair of boots "Owneuzewi" (worn) {rElec rPois Int+2}
   (You bought it in a shop on level 4 of the Dungeon)

   It affects your intelligence (+2).
   It insulates you from electricity.
   It protects you from poison.
Jewellery
 q - an uncursed ring of protection from cold
 s - an amulet of rage (around neck)
 t - an uncursed ring of poison resistance
 u - an uncursed ring of stealth
 y - an uncursed amulet of magic regeneration {unknown}
 B - a ring of protection from magic (right hand)
 M - a ring of resist corrosion (left hand)
Wands
 r - a wand of digging (7)
 C - a wand of iceblast (10)
 H - a wand of acid (2)
 J - a wand of random effects (23)
 R - a wand of disintegration (16)
Scrolls
 i - a scroll of fog
 j - 8 scrolls of remove curse
 k - 3 scrolls of blinking
 l - 2 scrolls of noise {unknown}
 m - a scroll of vulnerability
 o - 4 scrolls of teleportation {unknown}
 p - 2 scrolls of enchant armour
 w - 2 scrolls of enchant weapon
 x - 2 scrolls of magic mapping {unknown}
 A - 3 scrolls of immolation {unknown}
 F - 4 scrolls of amnesia {unknown}
 P - a scroll of fear
 Q - a scroll of holy word
Potions
 b - 2 potions of brilliance
 e - 7 potions of degeneration
 h - 4 potions of heal wounds
 n - a potion of lignification {unknown}
 v - 6 potions of curing
 z - a potion of flight {unknown}
 D - a potion of berserk rage {unknown}
 E - 4 potions of magic {unknown}
 G - 4 potions of haste {unknown}
 N - a potion of agility {unknown}
Comestibles
 f - 10 rations


   Skills:
 + Level 7.8 Fighting
 + Level 12.9 Polearms
 - Level 1.7 Throwing
 - Level 2.6 Dodging
 - Level 9.4 Evocations


You had 10 spell levels left.
You didn't know any spells.
Your spell library was empty.

Dungeon Overview and Level Annotations

Branches:
Dungeon (12/15)            Temple (0/1) D:7            Lair (1/6) D:8
    Orc: D:9-12

Shops:
D:4 [=[   D:8 [   D:9 =   D:10 *[(*%


Innate Abilities, Weirdness & Mutations

You have an increased reservoir of magic. (+10% MP)


Message History

Unknown command.
You completely miss the spiny frog.
The spiny frog is heavily wounded.
You feel sick.
Unknown command.
You barely miss the spiny frog.
The spiny frog is heavily wounded.
The spiny frog misses you. The hippogriff barely misses you.
The hippogriff pecks you but does no damage.
The hippogriff claws you but does no damage.
Unknown command.
You feel sick.
Unknown command.
You feel a strong urge to attack something.
You feel sick.
You are no longer berserk.
You pass out from exhaustion.
You feel yourself slow down.
You feel sick.
You feel sick. The spiny frog stings you!!
You die...

..##....# ##....#
..###...# #.....#
..>.....####....P#
.........# ########
##P##....#### ...(# ###
#....##.?#.H.# ##
#....##:..###########
.####...####.HH#........#
........##..#.#F@.......#
........##..##..≈####...+
........##. #...## #...#
...P##..##= #...####≈...#
...###..### #...........#
..........# #...........#
.........######.#.#.#.#+#
...........##...........
#........................


You could see 2 hippogriffs and a spiny frog.

Vanquished Creatures
  A hydra (D:11)
  3 two-headed ogres
  3 ugly things
  2 cyclopes
  Maurice (D:9)
  A gargoyle (D:11)
  2 spiny frogs (Lair:1)
  2 komodo dragons (D:10)
  A troll (D:10)
  A hippogriff (D:9)
  A shadow (D:9)
  2 wyverns (D:9)
  A wraith (D:10)
  2 hungry ghosts
  A soldier ant (D:11)
  2 water moccasins (D:11)
  A porcupine (Lair:1)
  2 black bears
  6 sky beasts
  5 phantoms
  3 orc warriors
  3 ice beasts
  3 ogres
  8 centaurs
  2 crocodiles
  9 bullfrogs
  A scorpion (D:6)
  6 killer bees
  2 howler monkeys
  6 wights (D:11)
  An electric eel (Lair:1)
  10 crimson imps
  2 quasits
  2 centaur zombies
  7 hounds
  4 jellies
  5 orc priests
  11 orc wizards
  2 iguanas (D:9)
  A gnoll shaman (D:4)
  Ijyb (D:3)
  10 worker ants
  2 hound skeletons
  Robin (D:4)
  A worker ant zombie (D:10)
  5 gnolls (D:4)
  A howler monkey skeleton (D:7)
  11 adders
  2 shadow imps
  4 oozes
  An adder skeleton (D:4)
  An adder zombie (D:9)
  3 worms
  3 dart slugs
  4 leopard geckos
  22 orcs
  6 bats
  6 giant cockroaches
  10 goblins
  12 hobgoblins
  15 jackals
  4 quokkas
  6 frilled lizards
  2 jackal skeletons
  3 kobolds
  2 leopard gecko skeletons
  A leopard gecko zombie (D:7)
  10 rats
277 creatures vanquished.

Vanquished Creatures (others)
  An orc wizard (D:6)
1 creature vanquished.

Grand Total: 278 creatures vanquished

Notes
Turn   | Place    | Note
-------+----------+-------------------------------------------
     0 | D:1      | Johnny the Demigod Gladiator began the quest for the Orb.
     0 | D:1      | Reached XP level 1. HP: 17/17 MP: 3/3
   135 | D:1      | Reached skill level 3 in Polearms
   176 | D:1      | Reached XP level 2. HP: 24/24 MP: 4/4
   719 | D:2      | Reached XP level 3. HP: 29/29 MP: 5/5
   779 | D:2      | Reached skill level 4 in Polearms
  1090 | D:2      | Found a faded altar of an unknown god.
  1109 | D:2      | Reached XP level 4. HP: 30/36 MP: 6/6
  1331 | D:2      | Reached skill level 5 in Polearms
  1709 | D:3      | Noticed Ijyb
  1724 | D:3      | Killed Ijyb
  1854 | D:3      | Reached XP level 5. HP: 41/41 MP: 7/7
  2215 | D:3      | Found a burning altar of Makhleb.
  2248 | D:3      | Found a glowing golden altar of the Shining One.
  2284 | D:3      | Reached skill level 1 in Evocations
  2861 | D:4      | Noticed an angel
  2862 | D:4      | Found a glowing silver altar of Zin.
  2873 | D:4      | Noticed Robin
  2897 | D:4      | Killed Robin
  2898 | D:4      | Found Coojos's Armour Shop.
  2988 | D:4      | Found Akhesch's Jewellery Boutique.
  2998 | D:4      | Found Goyney's Antique Armour Shoppe.
  3037 | D:4      | Reached skill level 6 in Polearms
  3037 | D:4      | Reached XP level 6. HP: 48/48 MP: 8/10
  3871 | D:5      | Entered Level 5 of the Dungeon
  4021 | D:5      | Reached XP level 7. HP: 53/53 MP: 12/12
  4305 | D:5      | Reached skill level 7 in Polearms
  4450 | D:5      | Noticed a moth of wrath
  4471 | D:5      | Found a bloodstained altar of Trog.
  4808 | D:6      | Reached skill level 5 in Evocations
  4827 | D:6      | Reached XP level 8. HP: 46/60 MP: 13/15
  5028 | D:6      | Reached skill level 8 in Polearms
  5617 | D:7      | Found an iron altar of Okawaru.
  5654 | D:7      | Found a staircase to the Ecumenical Temple.
  6463 | D:8      | Reached skill level 9 in Polearms
  6595 | D:8      | Reached XP level 9. HP: 49/67 MP: 17/17
  6741 | D:8      | Found a staircase to the Lair.
  6749 | D:8      | You fall into a shaft and drop 2 floors!
  6749 | D:10     | Entered Level 10 of the Dungeon
  6971 | D:10     | Found Qyanegisch's Armour Shop.
  7538 | D:9      | Noticed Maurice
  7541 | D:9      | Noticed a red ugly thing
  7544 | D:9      | Noticed a two-headed ogre
  7544 | D:9      | Killed Maurice
  7544 | D:9      | Reached skill level 10 in Polearms
  7547 | D:9      | Killed a red ugly thing
  7837 | D:8      | Found Fauhidgh's Armour Emporium.
  7908 | D:8      | Found an opulent altar of Gozag.
  8018 | D:8      | Reached XP level 10. HP: 73/73 MP: 20/20
  8358 | D:8      | Found a blossoming altar of Fedhas.
  9276 | D:9      | Found Fiatsymp's Jewellery Shop.
  9298 | D:9      | Noticed a two-headed ogre
  9324 | D:9      | Reached skill level 11 in Polearms
  9327 | D:9      | Killed a two-headed ogre
  9593 | D:9      | Killed a two-headed ogre
  9752 | D:4      | Bought the +5 pair of boots "Owneuzewi" {rElec rPois Int+2}
                  | for 570 gold pieces
  9915 | D:10     | Found Vuwnil's Assorted Antiques.
 10008 | D:10     | Found Leheub's Antique Weapon Shoppe.
 10155 | D:10     | Found Efebleomp's Food Shoppe.
 10163 | D:10     | Found Dueco's Assorted Antiques.
 10174 | D:10     | Noticed a two-headed ogre
 10182 | D:10     | Killed a two-headed ogre
 10182 | D:10     | Reached skill level 5 in Fighting
 10601 | D:10     | Reached skill level 12 in Polearms
 10649 | D:10     | Reached XP level 11. HP: 80/88 MP: 21/21
 11062 | D:11     | Noticed an eight-headed hydra
 11068 | D:11     | Killed an eight-headed hydra
 11685 | D:12     | Noticed an entropy weaver
 11689 | D:12     | Noticed an entropy weaver
 11704 | D:12     | HP: 2/92 [entropy weaver (9)]
 11934 | Lair:1   | Entered Level 1 of the Lair of Beasts
 12253 | Lair:1   | Mangled by a spiny frog

Levels and vault maps discovered:
D:1:      eino_arrival_cavern_b, layout_loops_ring
D:2:      layout_basic, chequers_ecumenical_altar_twisty,
          minmay_increasing_density
D:3:      layout_basic, overflow_temple_1_default, minivault_4,
          minmay_misc_feat_ornament, tso_altar, uniq_ijyb
D:4:      layout_basic, zin_angel, serial_shops, shop, shop, shop_coins,
          supply_closet_lemuel, minmay_quadrilaterals, uniq_robin
D:5:      layout_loops_ring, tgw_trog, first_ration, nrook_uturn,
          chequers_mini_garden
D:6:      layout_loops_ring, minivault_22
D:7:      layout_loops_ring, lemuel_crystal_altar,
          minmay_temple_entry_purple_smoke
D:8:      layout_basic, fedhas_bush_and_centaur_altar, grunt_gozag_breadcrumbs,
          lair_entry_dummy, serial_shops, shop_statue
D:9:      minmay_bloctagon, layout_gridville, serial_shops, nicolae_shop_trees,
          uniq_maurice
D:10:     minmay_bubble_buster, layout_long_grid, serial_shops,
          nicolae_shop_behind_doors, kennysheep_mini, shop, shop,
          nicolae_shop_crystal
D:11:     layout_small_grid
D:12:     layout_roguey, erik_orc_1, grunt_tengu_nest, minmay_another_anthill,
          uniq_erolcha, uniq_sonja
Lair:1:   beast_lair_carwin_large_1, layout_small_grid,
          portal_ice_cave_entry_imps, hangedman_lair_generics_rect,
          infiniplex_staircase_pool

Skill      XL: |  1  2  3  4  5  6  7  8  9 10 11 |
---------------+----------------------------------+-----
Polearms       | 3 4 5 6 7 9 10 12 | 12.9
Evocations     | 2 3 5 7 9 |  9.4
Fighting       | 5 7 |  7.8
Throwing       | |  1.7
Dodging        | |  2.6

Action                   |  1- 3 |  4- 6 |  7- 9 | 10-12 || total
-------------------------+-------+-------+-------+-------++-------
Melee: Trident           |   100 |   282 |   486 |   573 ||  1441
       Unarmed           |       |     1 |       |       ||     1
 Abil: Evoke Berserk Rag |       |     2 |     2 |    16 ||    20
Evoke: Wand              |       |     2 |    22 |     4 ||    28
  Use: Scroll            |       |       |     9 |     4 ||    13
 Stab: Sleeping          |     1 |     4 |     5 |       ||    10
       Paralysed         |       |     2 |    15 |       ||    17
  Eat: Chunk             |       |     7 |    13 |    25 ||    45
       Ration            |       |     1 |     3 |     2 ||     6
Armor: Leather armour    |    30 |    29 |       |       ||    59
       Scale mail        |       |    84 |   198 |    22 ||   304
       Chain mail        |       |       |       |    83 ||    83
       Troll leather arm |       |       |       |   116 ||   116
Dodge: Dodged            |    59 |   150 |   215 |   253 ||   677
